 Dungeon Crawl Stone Soup version 0.21-a0-321-g91e3373 (webtiles) character file.

112756 Hasart the Ogre Mage (level 16, 0/167 HPs)
             Began as an Ogre Fire Elementalist on Sept 30, 2017.
             Was a High Priest of Sif Muna.
             Slain by a tarantella (16 damage)
             ... on level 1 of the Spider Nest.
             The game lasted 02:00:45 (40436 turns).

Hasart the Ogre Mage (Ogre Fire Elementalist)      Turns: 40436, Time: 02:00:46

Health: 0/167      AC:  7    Str: 19    XL:     16   Next: 61%
Magic:  43/43      EV:  5    Int: 21    God:    Sif Muna [*****.]
Gold:   360        SH:  0    Dex: 11    Spells: 16/44 levels left

rFire    + + +     SeeInvis +   E - +7 mace "Xoaczuos" {vamp, Str+3}
rCold    x . .     Gourm    .   p - +2 shield {reflect}
rNeg     . . .     Faith    +   s - +1 robe "Ihyaf" {rF++ MR+ rCorr}
rPois    +         Spirit   .   y - +0 hat {SInv}
rElec    +         Reflect  +   j - +0 cloak
rCorr    +         Harm     .   (gloves unavailable)
MR       ++...                  (boots unavailable)
Stlth    ++........             H - amulet of faith
HPRegen  0.37/turn              e - ring of Sylo {rElec rF+ MP+9 Dex+2}
MPRegen  0.28/turn              b - ring of Kadel {Wiz rPois rF++ rC- SInv}

@: lethally poisoned (0 -> -34), held
A: unfitting armour, rugged brown scales 1, shaggy fur 1, tough skin 1
a: Divine Energy, Channel Magic, Forget Spell, Renounce Religion


You were on level 1 of the Spider Nest.
You worshipped Sif Muna.
Sif Muna was extremely pleased with you.
You were very hungry.

You visited 6 branches of the dungeon, and saw 26 of its levels.

You collected 2247 gold pieces.
You spent 1887 gold pieces at shops.

Inventory:

Hand Weapons
 E - the +7 mace "Xoaczuos" (weapon) {vamp, Str+3}
   (You found it on level 6 of the Dungeon)

   It inflicts no extra harm, but heals its wielder when it wounds a living foe.
   It affects your strength (+3).
Armour
 j - a +0 cloak (worn)
 p - a +2 shield of reflection (worn)
 s - the +1 robe "Ihyaf" (worn) {rF++ MR+ rCorr}
   (You bought it in a shop on level 2 of the Orcish Mines)

   It greatly protects you from fire.
   It affects your resistance to hostile enchantments.
   It protects you from acid and corrosion.
 y - a +0 hat of see invisible (worn)
Jewellery
 b - the ring of Kadel (right hand) {Wiz rPois rF++ rC- SInv}
   (You bought it in a shop on level 2 of the Orcish Mines)

   [ring of wizardry]

   It improves your spell success rate.
   It greatly protects you from fire.
   It makes you vulnerable to cold.
   It protects you from poison.
   It lets you see invisible.
 d - an uncursed ring of flight
 e - the ring of Sylo (left hand) {rElec rF+ MP+9 Dex+2}
   (You bought it in a shop on level 1 of the Orcish Mines)

   [ring of magical power]

   It affects your dexterity (+2).
   It protects you from fire.
   It insulates you from electricity.
   It affects your magic capacity (+9).
 H - an amulet of faith (around neck)
 M - a +6 ring of protection
 S - an uncursed ring of wizardry
Wands
 z - a wand of acid (15/15)
 L - a wand of disintegration (16/24)
 O - a wand of lightning (8/15)
Scrolls
 a - a scroll of enchant weapon
 m - 13 scrolls of teleportation
 t - 6 scrolls of blinking
 v - 5 scrolls of magic mapping
 x - 12 scrolls of identify
 A - 5 scrolls of fog
 F - 7 scrolls of remove curse
 V - 2 scrolls of summoning
Potions
 g - 6 potions of curing
 o - 2 potions of heal wounds
 r - 3 potions of might
 P - 2 potions of haste
 W - 3 potions of brilliance
 X - 2 potions of flight
Miscellaneous
 q - 3 boxes of beasts
 N - a phantom mirror
Comestibles
 c - 11 bread rations
 i - 9 meat rations
 C - 10 fruits
 I - 9 royal jellies


   Skills:
 - Level 11.6 Fighting
 - Level 1.7 Dodging
 - Level 1.4 Stealth
 + Level 6.2 Shields
 + Level 14.9 Spellcasting
 + Level 14.1 Conjurations
 - Level 2.1 Charms
 * Level 14.3 Fire Magic
 - Level 2.4 Ice Magic
 - Level 7.6 Invocations


You had 16 spell levels left.
You knew the following spells:

 Your Spells              Type           Power        Failure   Level  Hunger
a - Flame Tongue          Conj/Fire      #####        0%          1    None
b - Sticky Flame          Conj/Fire      ######..     1%          4    None
c - Fireball              Conj/Fire      ######....   1%          5    ###....
d - Throw Icicle          Conj/Ice       ######..     1%          4    None
e - Swiftness             Chrm/Air       ###.....     2%          2    None
f - Bolt of Fire          Conj/Fire      ######....   1%          6    #####..
g - Ignite Poison         Fire/Tmut/Pois #####...     1%          3    None
p - Regeneration          Chrm/Necr      ###.......   6%          3    None


Dungeon Overview and Level Annotations

Branches:
Dungeon (15/15)            Temple (1/1) D:4            Lair (6/6) D:8
  Swamp (1/4) Lair:4       Spider (1/4) Lair:2        Slime (0/5) Lair:5
    Orc (2/2) D:9             Elf (0/3) Orc:2        Vaults (0/5) D:14
 Depths (0/5) D:15

Altars:
Ashenzari
Cheibriados
Dithmenos
Elyvilon
Fedhas
Gozag
Hepliaklqana
Kikubaaqudgha
Makhleb
Nemelex Xobeh
Okawaru
Qazlal
Ru
Sif Muna
Trog
Uskayaw
Vehumet
Wu Jian
Xom
Yredelemnul
Zin
The Shining One
Beogh

Shops:
Orc:1 =   Orc:2 [*(=

Annotations:
D:9 p0werm0de's ghost, novice GnCK


Innate Abilities, Weirdness & Mutations

You are too large for most types of armour.
You have tough skin. (AC +1)
You are partially covered in rugged brown scales. (AC +1, +3% HP)
You are covered in fur. (AC +1)


Message History

The wolf spider hits you! The wolf spider bites you.
* * * LOW HITPOINT WARNING * * *
The jumping spider pounces on you.
* * * LOW HITPOINT WARNING * * *
The jumping spider bites you but does no damage.
Unknown command.
Unknown command.
Unknown command.
Unknown command.
You feel better. The redback bites you!
* * * LOW HITPOINT WARNING * * *
You are poisoned.
The redback poisons you! The tarantella bites you!
* * * LOW HITPOINT WARNING * * *
The wolf spider hits you!
* * * LOW HITPOINT WARNING * * *
The wolf spider bites you.
* * * LOW HITPOINT WARNING * * *
The tarantella bites you!
You die...

#......... #
##.........
###.#..^^......
#...#..........
.........s.....
......ss.......
.....ssss......
#..s@s......
#..s........
........./.....
.......s.......
##..>>.......##
$.............#
(...^..#.......
...#### .......


You could see 2 wolf spiders, an orb spider, 4 jumping spiders, 2 tarantellas
and 2 redbacks.

Vanquished Creatures
  Saint Roka (Orc:2)
  Gastronok (D:10)
  Louise (D:14)
  A stone giant (Orc:1)
  Snorg (D:14)
  A yaktaur captain (D:15)
  4 vault guards (D:14)
  The ghost of CcS the Arsonist, a journeyman GnFE of Vehumet (D:11)
  A catoblepas (Lair:6)
  2 death knights
  9 hydras
  4 centaur warriors
  2 ogre magi
  2 death yaks (Lair:5)
  18 two-headed ogres
  Nergalle (Orc:2)
  An orc high priest (Orc:2)
  Sonja (Lair:3)
  2 slime creatures
  3 unseen horrors
  4 skeletal warriors
  2 wizards (D:14)
  2 lindwurms
  A necromancer (Lair:5)
  3 wolf spiders (Lair:2)
  7 orc knights
  9 ugly things (D:15)
  An oklob plant (Lair:5)
  2 deep elf magi
  2 orc sorcerers
  3 cyclopes
  4 manticores
  A black mamba (shapeshifter) (D:14)
  5 black mambas
  Psyche (D:11)
  Joseph (D:10)
  2 gargoyles
  15 spiny frogs
  A kobold demonologist (D:15)
  7 rime drakes
  A freezing wraith (D:14)
  An efreet (D:13)
  A yaktaur (D:14)
  4 komodo dragons
  A tengu conjurer (D:13)
  A jumping spider (Lair:2)
  A tyrant leech (Lair:4)
  12 trolls
  3 meliai (D:13)
  4 polar bears (Lair:6)
  7 hornets
  4 blink frogs
  7 dream sheep
  18 hippogriffs
  4 redbacks (Lair:2)
  A wraith (D:12)
  3 shadows
  2 tarantellas (Lair:2)
  3 hogs (D:9)
  26 yaks
  7 wyverns
  A human (D:9)
  7 basilisks
  13 spriggans (Lair:6)
  3 vampire mosquitoes (D:15)
  A hungry ghost (D:8)
  6 wargs
  An acid dragon (D:14)
  16 water moccasins
  10 porcupines
  4 sky beasts
  38 orc warriors
  A swamp drake (Swamp:1)
  An elephant zombie (Lair:5)
  2 phantoms
  3 ice beasts
  A necrophage (D:8)
  2 eyes of draining
  8 black bears
  4 boggarts (Lair:6)
  7 centaurs
  11 ogres
  25 wolves
  11 crocodiles
  A big kobold (D:8)
  19 bullfrogs
  A wyvern skeleton (D:13)
  7 scorpions
  7 wights
  10 electric eels
  6 howler monkeys
  2 centaur zombies
  A basilisk zombie (Lair:5)
  A bullfrog zombie (D:13)
  12 crimson imps
  7 hounds
  10 jellies
  23 orc priests
  2 bullfrog skeletons
  4 centaur skeletons
  A gnoll shaman (D:10)
  30 orc wizards
  Terence (D:2)
  3 iguanas
  11 worker ants
  A hound skeleton (D:8)
  2 worker ant zombies (D:6)
  Robin (D:1)
  7 gnolls
  13 adders
  2 shadow imps
  5 oozes
  3 worms
  3 dart slugs
  6 leopard geckos
  99 orcs
  11 bats
  3 giant cockroaches
  19 goblins
  12 hobgoblins
  7 jackals
  9 quokkas
  3 ball pythons
  5 frilled lizards
  A jackal skeleton (D:5)
  9 kobolds
  A leopard gecko skeleton (D:4)
  A quokka zombie (D:7)
  11 rats
  3 bushes (D:11)
  A plant (Lair:3)
814 creatures vanquished.

Vanquished Creatures (others)
  Nessos (D:14)
  A yaktaur (D:15)
  3 centaurs
  An orc wizard (D:3)
  38 fungi
  18 plants (D:8)
62 creatures vanquished.

Grand Total: 876 creatures vanquished

Notes
Turn   | Place    | Note
-------+----------+-------------------------------------------
     0 | D:1      | Hasart the Ogre Fire Elementalist began the quest for the Orb.
     0 | D:1      | Reached XP level 1. HP: 16/16 MP: 3/3
    18 | D:1      | Reached skill level 1 in Conjurations
   239 | D:1      | Reached XP level 2. HP: 24/24 MP: 3/5
   536 | D:1      | Reached XP level 3. HP: 27/31 MP: 6/6
  1142 | D:2      | Noticed Robin
  1335 | D:1      | Killed Robin
  1335 | D:1      | Reached skill level 1 in Fighting
  1335 | D:1      | Reached XP level 4. HP: 33/41 MP: 2/8
  1543 | D:2      | Noticed Terence
  1567 | D:2      | Killed Terence
  1617 | D:2      | Learned a level 4 spell: Sticky Flame
  1838 | D:2      | Reached XP level 5. HP: 49/49 MP: 4/9
  2040 | D:2      | Found a burning altar of Makhleb.
  2141 | D:3      | Found a hazy altar of Hepliaklqana.
  2530 | D:3      | Reached XP level 6. HP: 58/59 MP: 11/11
  2726 | D:3      | Found a snail-covered altar of Cheibriados.
  2809 | D:3      | Found a blossoming altar of Fedhas.
  2887 | D:3      | Found a shimmering altar of Xom.
  3193 | D:3      | Found a sacrificial altar of Ru.
  3343 | D:4      | Found a staircase to the Ecumenical Temple.
  3361 | Temple   | Entered the Ecumenical Temple
  3738 | D:4      | Found a bloodstained altar of Trog.
  3794 | D:4      | Reached XP level 7. HP: 61/67 MP: 13/13
  4234 | D:5      | Entered Level 5 of the Dungeon
  4977 | D:5      | Reached skill level 5 in Spellcasting
  5226 | D:5      | Noticed a wyvern
  5237 | D:5      | Killed a wyvern
  5237 | D:5      | Reached skill level 5 in Fighting
  5237 | D:5      | Reached XP level 8. HP: 44/80 MP: 5/16
  5616 | D:6      | Found a white marble altar of Elyvilon.
  5654 | D:6      | Got an encrusted mace
  5660 | D:6      | Identified the +7 mace "Xoaczuos" {vamp, Str+3} (You found it on level 6 of the Dungeon)
  5709 | D:6      | Found a shimmering altar of Xom.
  5741 | D:6      | Reached skill level 5 in Conjurations
  5749 | D:6      | Reached skill level 5 in Fire Magic
  6661 | D:7      | Reached XP level 9. HP: 92/92 MP: 15/18
  6691 | D:7      | Found an ornate altar of the Wu Jian Council.
  7211 | D:7      | Noticed a troll
  7223 | D:7      | Killed a troll
  7331 | D:7      | Found a stormy altar of Qazlal.
  7794 | D:8      | Noticed a troll
  7814 | D:8      | Killed a troll
  7960 | D:8      | Reached XP level 10. HP: 103/105 MP: 15/21
  8056 | D:8      | Noticed a two-headed ogre
  8077 | D:8      | Killed a two-headed ogre
  8318 | D:8      | Found a staircase to the Lair.
  8339 | D:8      | Noticed a gargoyle
  8352 | D:8      | Killed a gargoyle
  8440 | D:8      | Noticed a two-headed ogre
  8454 | D:8      | Killed a two-headed ogre
  8605 | D:8      | Found a deep blue altar of Sif Muna.
  8675 | D:8      | Became a worshipper of Sif Muna the Loreminder
  8782 | D:8      | Found a glowing golden altar of the Shining One.
  9184 | D:9      | Reached skill level 10 in Fighting
  9251 | D:9      | Reached XP level 11. HP: 94/116 MP: 24/24
  9332 | D:9      | Found an ornate altar of the Wu Jian Council.
  9395 | D:9      | Found a staircase to the Orcish Mines.
  9413 | D:9      | Reached * piety under Sif Muna
  9497 | D:9      | Noticed p0werm0de's ghost (novice GnCK)
  9648 | Lair:1   | Entered Level 1 of the Lair of Beasts
  9831 | Lair:1   | Noticed a six-headed hydra
  9852 | Lair:1   | Killed a six-headed hydra
 10016 | Lair:1   | Reached ** piety under Sif Muna
 10119 | Lair:1   | Reached skill level 10 in Spellcasting
 10614 | Lair:2   | Found a hole to the Spider Nest.
 12034 | Lair:3   | Learned a level 5 spell: Fireball
 12039 | Lair:3   | Learned a level 4 spell: Throw Icicle
 12123 | Lair:3   | Reached *** piety under Sif Muna
 12123 | Lair:3   | Reached XP level 12. HP: 129/129 MP: 21/26
 12188 | Lair:3   | Reached skill level 1 in Ice Magic
 12443 | Lair:3   | Noticed Sonja
 12447 | Lair:3   | Killed Sonja
 12731 | Lair:3   | Identified a scroll of acquirement
 12857 | Lair:3   | Learned a level 2 spell: Swiftness
 13104 | Lair:4   | Reached **** piety under Sif Muna
 13104 | Lair:4   | Reached skill level 1 in Charms
 13326 | Lair:4   | Gained mutation: You are resistant to electric shocks. (rElec) [potion of mutation]
 13326 | Lair:4   | Gained mutation: You are partially covered in rugged brown scales. (AC +1, +3% HP) [potion of mutation]
 13326 | Lair:4   | Lost mutation: You are resistant to electric shocks. (rElec) [potion of mutation]
 13326 | Lair:4   | Gained mutation: You are covered in fur. (AC +1) [potion of mutation]
 13763 | Lair:4   | Found a staircase to the Swamp.
 14293 | Lair:4   | Reached skill level 1 in Invocations
 14405 | Lair:5   | Found a staircase to the Slime Pits.
 14665 | Lair:5   | Reached skill level 10 in Fire Magic
 14749 | Lair:5   | Noticed a death yak
 14750 | Lair:5   | Noticed a death yak
 14774 | Lair:5   | Killed a death yak
 14791 | Lair:5   | Killed a death yak
 14791 | Lair:5   | Reached ***** piety under Sif Muna
 14791 | Lair:5   | Identified Sif Muna's Almanac of Igneous Changing (Sif Muna gifted it to you on level 5 of the Lair of Beasts)
 14791 | Lair:5   | Received a gift from Sif Muna
 14791 | Lair:5   | Reached skill level 10 in Conjurations
 15090 | Lair:5   | Reached XP level 13. HP: 141/141 MP: 23/28
 16227 | Lair:6   | Entered Level 6 of the Lair of Beasts
 16723 | Lair:6   | Reached skill level 5 in Invocations
 17100 | Lair:6   | Identified Sif Muna's Tome of Conjuration and Transmigration (Sif Muna gifted it to you on level 6 of the Lair of Beasts)
 17100 | Lair:6   | Received a gift from Sif Muna
 18932 | Lair:6   | Paralysed by a hornet for 1 turns
 19279 | D:9      | Reached XP level 14. HP: 145/150 MP: 8/31
 19909 | D:9      | Got a polished flail
 19910 | D:9      | Identified the +1 flail of Vuwyis {venom, rElec} (You found it on level 9 of the Dungeon)
 19947 | Orc:1    | Entered Level 1 of the Orcish Mines
 19947 | Orc:1    | Found Hoczaf's Jewellery Shop.
 20167 | Orc:1    | Received a gift from Sif Muna
 20174 | Orc:1    | Learned a level 3 spell: Regeneration
 20299 | Orc:1    | Noticed a stone giant
 20307 | Orc:1    | Killed a stone giant
 20844 | Orc:2    | Entered Level 2 of the Orcish Mines
 21632 | Orc:2    | Reached skill level 1 in Shields
 22013 | Orc:2    | Noticed Nergalle
 22026 | Orc:2    | Noticed Saint Roka
 22027 | Orc:2    | Killed Nergalle
 22721 | Orc:2    | Killed Saint Roka
 22721 | Orc:2    | Identified Sif Muna's Disquisition on Companions (Sif Muna gifted it to you on level 2 of the Orcish Mines)
 22721 | Orc:2    | Received a gift from Sif Muna
 23048 | Orc:2    | Found a roughly hewn altar of Beogh.
 23060 | Orc:2    | Found Penuskuj's Antique Weapon Boutique.
 23077 | Orc:2    | Found Dexeulolai's Antique Armour Boutique.
 23084 | Orc:2    | Found Quqapp's General Store.
 23118 | Orc:2    | Bought 2 scrolls of identify for 60 gold pieces
 23118 | Orc:2    | Bought a scroll of identify for 30 gold pieces
 23126 | Orc:2    | Found Hamnesmi's Jewellery Boutique.
 23150 | Orc:2    | Bought a runed shield for 180 gold pieces
 23150 | Orc:2    | Bought a silken robe for 136 gold pieces
 23158 | Orc:2    | Identified the +1 robe "Ihyaf" {rF++ MR+ rCorr} (You bought it in a shop on level 2 of the Orcish Mines)
 23227 | Orc:2    | Found a staircase to the Elven Halls.
 23629 | Orc:1    | Bought the ring of Sylo {rElec rF+ MP+9 Dex+2} for 587 gold pieces
 23662 | D:10     | Entered Level 10 of the Dungeon
 23680 | D:10     | Noticed Gastronok
 23697 | D:10     | Killed Gastronok
 23963 | D:10     | Noticed Joseph
 23975 | D:10     | Killed Joseph
 25041 | D:11     | Noticed CcS's ghost (journeyman GnFE)
 25054 | D:11     | Killed CcS's ghost
 25235 | D:11     | Noticed Psyche
 25239 | D:11     | Killed Psyche
 25692 | D:11     | Found a blossoming altar of Fedhas.
 26198 | D:11     | Paralysed by a hornet for 1 turns
 26627 | D:12     | Received a gift from Sif Muna
 26999 | D:12     | Reached XP level 15. HP: 158/158 MP: 17/32
 30868 | D:13     | You fall through a shaft for 2 floors!
 30868 | D:15     | Entered Level 15 of the Dungeon
 31112 | D:15     | Received a gift from Sif Muna
 31772 | D:15     | Learned a level 6 spell: Bolt of Fire
 32545 | D:14     | Noticed Snorg
 33400 | D:15     | Found a staircase to the Depths.
 33411 | D:15     | Reached skill level 5 in Shields
 34513 | D:14     | Reached XP level 16. HP: 157/167 MP: 30/34
 34601 | D:14     | Noticed Nessos
 34610 | D:14     | Killed Nessos
 34871 | D:14     | Killed Snorg
 34871 | D:14     | Received a gift from Sif Muna
 34972 | D:14     | Identified the +7 quarterstaff of Coaskuf {crush, Str+4} (You found it on level 14 of the Dungeon)
 35063 | D:14     | Found a shadowy altar of Dithmenos.
 35274 | D:14     | Noticed Louise
 35288 | D:14     | Killed Louise
 38474 | D:14     | Found a gate to the Vaults.
 39027 | Swamp:1  | Entered Level 1 of the Swamp
 39358 | Spider:1 | Entered Level 1 of the Spider Nest
 39489 | Orc:2    | Bought the ring of Kadel {Wiz rPois rF++ rC- SInv} for 894 gold pieces
 39602 | Lair:2   | Learned a level 3 spell: Ignite Poison
 40436 | Spider:1 | Slain by a tarantella

Vault maps used:
D:1:      dpeg_arrival_radiant
D:2:      old_standard_altar, first_bread, uniq_terence, uniq_robin
D:3:      led_xom_imps, nicolae_overflow_hidden_temple, kennysheep_slug_shrine,
          nicolae_overflow_crystal_walls, old_standard_altar,
          kennysheep_generic_room_2
D:4:      corexii_shack_village, lemuel_coloured_pillars_altar,
          minmay_temple_entry_glassed_door, minivault_19
D:6:      elyvilon_altar_4, basic_altar
D:7:      lemuel_crystal_altar, basic_altar
D:8:      lemuel_crystal_altar, nicolae_tso_swordbearing_angel,
          due_lair_maze_entry_diamond
D:9:      kennysheep_mini_moat, erik_orc_4, grunt_livestock
D:10:     uniq_gastronok, uniq_joseph
D:11:     fedhas_bush_and_centaur_altar, uniq_psyche
D:13:     kennysheep_generic_room_3
D:14:     grunt_vaults_entry_fortified, grunt_dithmenos_shadows, minivault_26,
          minmay_pinched_square, uniq_snorg, uniq_louise, uniq_nessos
D:15:     grunt_enter_depths_snipers, minmay_crystal_water, special_room
Temple:   eino_temple_lava
Lair:1:   grunt_megastairs_5
Lair:2:   spider_nest_entry_web_field, st_stairs_4, grunt_megastairs_1
Lair:3:   serial_bayou_pond_d, hibernation_bobbens, uniq_sonja
Lair:4:   minmay_swamp_entry_worms, serial_bayou_ford_a,
          mumra_transporter_accident, st_stairs_7, disabler_island,
          lemuel_fruit_fields, serial_bayou_shore_b
Lair:5:   pond_and_an_island_with_a_cottage, nicolae_slime_entry_slimehenge,
          beast_lair_carwin_3, lemuel_fruit_fields
Lair:6:   minmay_lair_end_enchanted_forest, grunt_megastairs_4
Swamp:1:  evilmike_swamp_ruin_house_2, uniq_frances
Orc:1:    serial_shops, shop
Orc:2:    grunt_orc_cross

Skill      XL: |  1  2  3  4  5  6  7  8  9 10 11 12 13 14 15 16 |
---------------+-------------------------------------------------+-----
Conjurations   | 1 2 3 4 5 6 8 9 10 11 12 13 14 | 14.1
Fire Magic     | 3 4 5 6 8 9 10 11 12 13 14 | 14.3
Fighting       | 1 2 3 5 6 8 10 11 | 11.6
Spellcasting   | 3 4 5 6 7 9 10 11 13 14 | 14.9
Ice Magic      | 2 |  2.4
Charms         | 2 |  2.1
Invocations    | 3 7 |  7.6
Shields        | 3 5 6 |  6.2
Dodging        | |  1.7
Stealth        | |  1.4

Action                   |  1- 3 |  4- 6 |  7- 9 | 10-12 | 13-15 | 16-18 || total
-------------------------+-------+-------+-------+-------+-------+-------++-------
Melee: Club              |     6 |       |       |       |       |       ||     6
       Unarmed           |     3 |       |       |       |       |       ||     3
       Mace              |     8 |       |    72 |   190 |   713 |    71 ||  1054
       Spear             |    62 |    35 |       |       |       |       ||    97
       Trident           |       |   189 |    97 |       |       |       ||   286
 Cast: Flame Tongue      |    28 |    62 |    98 |    73 |   141 |    50 ||   452
       Sticky Flame      |       |       |    22 |   112 |   235 |    65 ||   434
       Fireball          |       |       |       |    14 |   117 |    51 ||   182
       Throw Icicle      |       |       |       |     9 |    47 |     3 ||    59
       Swiftness         |       |       |       |     3 |     6 |     2 ||    11
       Regeneration      |       |       |       |       |     2 |     1 ||     3
Invok: Channel Magic     |       |       |       |       |     1 |       ||     1
Evoke: Wand              |       |       |       |     6 |     2 |       ||     8
  Use: Scroll            |       |     3 |     6 |     6 |     6 |     7 ||    28
       Potion            |       |     3 |       |     8 |     2 |     7 ||    20
 Stab: Sleeping          |     2 |     1 |     2 |       |     3 |       ||     8
  Eat: Chunk             |     1 |     9 |    14 |    32 |    65 |    11 ||   132
       Royal jelly       |       |       |     1 |       |     2 |       ||     3
       Bread ration      |       |       |     1 |       |       |       ||     1
       Fruit             |       |       |       |     4 |     5 |    13 ||    22
       Meat ration       |       |       |       |       |     1 |       ||     1
Armor: Robe              |    35 |     1 |       |       |   187 |    43 ||   266
       Animal skin       |       |   114 |   130 |       |       |       ||   244
       Troll leather arm |       |       |     7 |   165 |   339 |       ||   511
Dodge: Dodged            |    82 |   126 |   178 |   196 |   516 |    70 ||  1168
Block: Shield            |       |       |       |       |   391 |   119 ||   510
       Reflection        |       |       |       |       |    25 |    10 ||    35

Table legend:
 A = Spawn XP
 B = Non-spawn XP
 C = Spawn XP percentage of total XP
 D = Spawn monster count
 E = Non-spawn monster count
 F = Spawn count percentage of total count
 G = Total turns spent on level
                    A         B        C        D         E        F      G
               +---------+---------+-------+---------+---------+-------+---------
         Total |       0 |  161080 |   0.0 |       0 |     816 |   0.0 | 40436
               +---------+---------+-------+---------+---------+-------+---------
           D:1 |       0 |      75 |   0.0 |       0 |      33 |   0.0 |  1288
           D:2 |       0 |     109 |   0.0 |       0 |      21 |   0.0 |   847
           D:3 |       0 |     372 |   0.0 |       0 |      40 |   0.0 |  1172
           D:4 |       0 |      81 |   0.0 |       0 |      17 |   0.0 |  1048
           D:5 |       0 |     785 |   0.0 |       0 |      18 |   0.0 |  1143
           D:6 |       0 |     508 |   0.0 |       0 |      13 |   0.0 |   974
           D:7 |       0 |    1590 |   0.0 |       0 |      33 |   0.0 |  1217
           D:8 |       0 |    4843 |   0.0 |       0 |      29 |   0.0 |  1501
           D:9 |       0 |    3755 |   0.0 |       0 |      40 |   0.0 |  1345
          D:10 |       0 |    3237 |   0.0 |       0 |      19 |   0.0 |  1229
          D:11 |       0 |    5072 |   0.0 |       0 |      37 |   0.0 |  1822
          D:12 |       0 |    9081 |   0.0 |       0 |      46 |   0.0 |  2011
          D:13 |       0 |    9038 |   0.0 |       0 |      36 |   0.0 |  2520
          D:14 |       0 |   25815 |   0.0 |       0 |      40 |   0.0 |  3726
          D:15 |       0 |   29182 |   0.0 |       0 |      78 |   0.0 |  3761
        Lair:1 |       0 |    3169 |   0.0 |       0 |      12 |   0.0 |  1095
        Lair:2 |       0 |    7271 |   0.0 |       0 |      27 |   0.0 |  2313
        Lair:3 |       0 |    4536 |   0.0 |       0 |      19 |   0.0 |  1116
        Lair:4 |       0 |    5570 |   0.0 |       0 |      24 |   0.0 |  1935
        Lair:5 |       0 |    8991 |   0.0 |       0 |      39 |   0.0 |  1885
        Lair:6 |       0 |   17907 |   0.0 |       0 |      74 |   0.0 |  2599
       Swamp:1 |       0 |     545 |   0.0 |       0 |       2 |   0.0 |     9
         Orc:1 |       0 |    5330 |   0.0 |       0 |      35 |   0.0 |  1768
         Orc:2 |       0 |   14218 |   0.0 |       0 |      84 |   0.0 |  2018
               +---------+---------+-------+---------+---------+-------+---------
